 Dungeon Crawl Stone Soup version 0.27.1-33-g824d729ab1 (webtiles) character file.

Game seed: 15194302262530522366

411 MisterFreud the Chopper (level 6, -1/51 HPs)
             Began as a Hill Orc Abyssal Knight on Dec 20, 2021.
             Was a Believer of Lugonu.
             Killed by nerve-wracking pain
             ... invoked by an orc priest
              (3 damage)
             ... on level 6 of the Dungeon.
             The game lasted 00:04:31 (4356 turns).

MisterFreud the Chopper (Hill Orc Abyssal Knight)   Turns: 4356, Time: 00:04:32

Health: -1/51      AC: 18    Str: 17    XL:     6   Next: 90%
Magic:  7/7        EV:  5    Int: 12    God:    Lugonu [**....]
Gold:   139        SH:  0    Dex: 10    Spells: 5/5 levels left

rFire    . . .     SeeInvis .   c - +1 whip (venom)
rCold    . . .     Faith    .   (no shield)
rNeg     . . .     Spirit   .   p - +0 plate armour
rPois    .         Reflect  .   m - +2 helmet
rElec    .         Harm     .   (no cloak)
rCorr    .         Rampage  .   (no gloves)
Will     .....                  (no boots)
Stlth    ..........             (no amulet)
HPRegen  0.17/turn              l - +4 ring of protection
MPRegen  0.10/turn              t - +4 ring of slaying

@: brilliant
A: no striking features
a: Renounce Religion, Convert to Beogh, Depart the Abyss, Bend Space


You were on level 6 of the Dungeon.
You worshipped Lugonu.
Lugonu was pleased with you.
You visited 1 branch of the dungeon, and saw 6 of its levels.
You visited the Abyss 1 time.

You collected 208 gold pieces.
You spent 69 gold pieces at shops.

Inventory:

Hand Weapons
 a - a +1 hand axe
 c - a +1 whip of venom (weapon)
Armour
 b - a +0 leather armour
 m - a +2 helmet (worn)
 p - a +0 plate armour (worn)
Jewellery
 g - a ring of fire
 l - a +4 ring of protection (left hand)
 t - a +4 ring of slaying (right hand)
 v - a +6 ring of intelligence
Wands
 k - a wand of acid (8)
Scrolls
 d - a scroll of immolation {unknown}
 e - 3 scrolls of magic mapping
 h - a scroll of enchant weapon {unknown}
 j - 2 scrolls of summoning {unknown}
 q - a scroll of amnesia {unknown}
 r - a scroll of noise {unknown}
Potions
 f - 2 potions of haste
 i - a potion of curing
 n - a potion of degeneration {unknown}
 o - a potion of cancellation {unknown}
 s - a potion of brilliance
 u - a potion of might {unknown}


   Skills:
 - Level 3.6 Fighting
 + Level 6.6 Axes
 + Level 3.9 Armour
 - Level 0.7 Dodging
 - Level 2.4 Invocations
 + Level 3.8 Evocations


You had 5 spell levels left.
You didn't know any spells.
Your spell library contained the following spells:

 Spells                   Type           Power      Damage    Failure   Level
 Slow                     Hex            0%         N/A       100%        2
 Confusing Touch          Hex            0%         N/A       100%        3
 Vampiric Draining        Necr           0%         2d6       100%        3


Dungeon Overview and Level Annotations

Branches:
Dungeon (6/15)
 Temple: D:4-7

Altars:

Shops:
D:3 *

Annotations:
D:5 Grinder, Prince Ribbit


Message History

v - a +6 ring of intelligence You start resting.
An orc priest is nearby!
The orc priest threatens, "By the altar or by the axe, you will meet Beogh!" (press Y on the ability menu to convert to Beogh)
The orc priest shouts!
You hear a shout!
Unknown command.
You closely miss the orc priest.
The orc priest hits you but does no damage.
You hit the orc priest.
The orc priest is poisoned.
The orc priest is lightly wounded.
You barely miss the orc priest.
The orc priest is lightly wounded.
The orc priest hits you but does no damage.
You hit the orc priest.
The orc priest looks as sick as possible!
The orc priest is moderately wounded.
An orc priest comes into view.
It is wielding a +0 dagger and wearing a +2 scale mail of cold resistance.
The orc priest hits you but does no damage.
You hit the orc priest but do no damage.
The orc priest looks as sick as possible!
The orc priest shouts, "Surrender to Beogh and we'll let you live!"
The orc priest is moderately wounded.
The orc priest invokes the aid of Beogh against you.
Pain shoots through your body!
The orc priest hits you with a +2 mace of protection.
You closely miss the orc priest.
The orc priest is heavily wounded.
The orc priest calls down the wrath of Beogh upon you.
Beogh smites you!
* * * LOW HITPOINT WARNING * * *
The orc priest hits you with a +2 mace of protection.
* * * LOW HITPOINT WARNING * * *
Unknown command.
It was a potion of brilliance.
You feel clever all of a sudden.
The orc priest hits you but does no damage.
The orc priest invokes the aid of Beogh against you.
Pain shoots through your body!
You die...

###.##...# .#
.....o.<.##.#
###.........#
#.##...#..# #
###...########
#...###....##
#...........#
#...###o....#
#...# #@....#
##### #.o...#
#.....#
#.....#
#....)#
#####.... .###
.# #


You could see 2 orc priests.

Vanquished Creatures
  A water moccasin (D:6)
  A phantom (D:4)
  A hound (D:6)
  A jelly (D:4)
  Natasha (twice) (D:3)
  6 gnolls (D:3)
  2 adders
  3 dart slugs
  An orc (D:4)
  3 ball pythons
  5 bats
  2 endoplasms
  A giant cockroach (D:1)
  5 hobgoblins
  2 jackals (D:4)
  3 quokkas
  4 frilled lizards
  4 goblins
  7 kobolds
  3 rats
  A spectral goblin (D:3)
58 creatures vanquished.

Notes
Turn   | Place    | Note
-------+----------+-------------------------------------------
     0 | Abyss:1  | MisterFreud the Hill Orc Abyssal Knight began the quest for
                  | the Orb.
     0 | Abyss:1  | Reached XP level 1. HP: 19/19 MP: 2/2
    46 | Abyss:1  | Noticed a vampire
    47 | D:1      | Escaped the Abyss
   161 | D:1      | Reached skill level 3 in Axes
   534 | D:1      | Reached XP level 2. HP: 22/26 MP: 3/3
  1194 | D:2      | Reached skill level 4 in Axes
  1417 | D:2      | Reached XP level 3. HP: 31/31 MP: 4/4
  1446 | D:2      | Reached skill level 1 in Evocations
  1530 | D:2      | Reached * piety under Lugonu
  1905 | D:2      | Found Xyutes's Jewellery Shoppe.
  2009 | D:3      | Reached XP level 4. HP: 29/39 MP: 5/5
  2208 | D:3      | Found a faded altar of an unknown god.
  2256 | D:3      | Reached skill level 5 in Axes
  2281 | D:3      | Noticed Natasha
  2290 | D:3      | Killed Natasha
  2439 | D:3      | Reached XP level 5. HP: 40/45 MP: 6/6
  2645 | D:3      | Found Xaiklybe's Assorted Antiques.
  2648 | D:3      | Bought a scroll labelled FEANWOHONY for 24 gold pieces
  2648 | D:3      | Bought a scroll labelled FEZUUMP MOBUM for 24 gold pieces
  2648 | D:3      | Bought a brown potion for 21 gold pieces
  3151 | D:3      | Noticed Natasha
  3159 | D:3      | Killed Natasha
  3530 | D:4      | Reached ** piety under Lugonu
  3578 | D:4      | Noticed a phantom
  3627 | D:4      | Killed a phantom
  3628 | D:4      | Reached skill level 6 in Axes
  3628 | D:4      | Reached XP level 6. HP: 5/51 MP: 7/7
  4247 | D:5      | Entered Level 5 of the Dungeon
  4247 | D:5      | Noticed Prince Ribbit
  4247 | D:5      | Noticed Grinder
  4266 | D:6      | Noticed a water moccasin
  4289 | D:6      | Killed a water moccasin
  4355 | D:6      | HP: 2/51 [orc priest (5)]
  4356 | D:6      | Killed from afar by an orc priest

Illustrated notes

Levels and vault maps discovered:
D:1:      nzn_arrival_water_spiral, layout_basic
D:2:      layout_basic, serial_shops, nicolae_shop_behind_doors
D:3:      layout_basic, serial_shops, nicolae_shop_behind_doors,
          dreamdust_ecumenical_altar_drowned_temple, uniq_natasha
D:4:      layout_loops_cross
D:5:      layout_rooms, chequers_temple_overflow_statue_of_worship,
          uniq_prince_ribbit1, uniq_grinder
D:6:      layout_basic, minmay_fire_ice_demons

Skill      XL: |  1  2  3  4  5 |
---------------+----------------+-----
Axes           | 3 4 5 6 |  6.6
Evocations     | 1 2 3 |  3.8
Armour         | 3 |  3.9
Fighting       | |  3.6
Dodging        | |  0.7
Invocations    | |  2.4

Action                   |  1- 3 |  4- 6 || total
-------------------------+-------+-------++-------
Melee: Hand axe          |    25 |       ||    25
       Whip              |    41 |   164 ||   205
Invok: Depart the Abyss  |     1 |       ||     1
Evoke: Wand              |     1 |       ||     1
  Use: Scroll            |       |     3 ||     3
       Potion            |       |     2 ||     2
Armor: Leather armour    |    26 |    11 ||    37
       Plate armour      |       |    86 ||    86
Dodge: Dodged            |    30 |    50 ||    80
